Map: Frozen Temple

Players

NORTHAMERICA - Winner!

  • Race: Protoss Protoss
  • League: Master

llllllllllll

  • Race: Terran Terran
  • League: Master

VOD

Have the link to the VOD?

Description

Time

  • Played on: Oct. 25, 2016, 2:14 a.m.
  • Length: 19:43
Show
View Real Time Build Order
Export as new Build Order

NORTHAMERICA Protoss - Winner!

Build Orders: 1 Gate Expand 

Get SALT Encoding   

  12  0:01  Probe (Chrono Boost)  
  13  0:11  Probe (Chrono Boost)  
  14  0:18  Pylon  
  14  0:22  Probe (Chrono Boost)  
  15  0:36  Probe (Chrono Boost)  
  15  0:37  Gateway  
  16  0:47  Probe (Chrono Boost)  
  17  0:50  Assimilator  
  17  0:57  Probe (Chrono Boost)  
  18  1:08  Probe (Chrono Boost)  
  19  1:21  Nexus, Unknown  
  19  1:24  Probe (Chrono Boost)  
  20  1:35  Cybernetics Core  
  20  1:38  Probe (Chrono Boost)  
  21  1:44  Assimilator  
  21  1:48  Probe (Chrono Boost)  
  21  1:53  Pylon  
  22  1:59  Probe (Chrono Boost)  
  23  2:13  Mothership Core (Chrono Boost)  
  25  2:20  Adept, Warp Gate  
  27  2:28  Pylon  
  27  2:31  Probe (Chrono Boost)  
  27  2:32  Unknown  
  27  2:35  Probe (Chrono Boost)  
  29  2:41  Probe (Chrono Boost)  
  30  2:45  Robotics Facility  
  30  2:46  Probe (Chrono Boost)  
  31  2:52  Probe (Chrono Boost)  
  31  2:56  Probe (Chrono Boost)  
  33  3:04  Probe (Chrono Boost)  
  34  3:08  Gateway  
  34  3:13  Gateway  
  34  3:17  Probe (Chrono Boost)  
  35  3:20  Pylon  
  35  3:23  Probe (Chrono Boost)  
  36  3:29  Probe (Chrono Boost)  
  36  3:31  Observer  
  36  3:33  Probe (Chrono Boost)  
  40  3:41  Probe (Chrono Boost)  
  40  3:47  Immortal  
  40  3:48  Probe (Chrono Boost)  
  41  3:52  Pylon  
  43  4:09  Pylon  
  43  4:13  Probe (Chrono Boost)  
  44  4:20  Pylon  
  44  4:22  Stalker  
  44  4:23  Stalker x2, Immortal  
  51  4:38  Probe (Chrono Boost)  
  51  4:39  Probe (Chrono Boost)  
  51  4:43  Twilight Council  
  51  4:48  Probe (Chrono Boost)  
  51  4:50  Probe (Chrono Boost)  
  53  4:55  Assimilator  
  53  4:57  Sentry  
  53  4:58  Forge  
  53  4:59  Probe (Chrono Boost)  
  56  5:00  Probe (Chrono Boost)  
  56  5:01  Pylon  
  58  5:07  Observer  
  58  5:09  Probe (Chrono Boost), Blink  
  58  5:11  Probe (Chrono Boost)  
  60  5:21  Nexus, Unknown, Probe x2 (Chrono Boost)  
  62  5:29  Protoss Ground Weapons Level 1  
  62  5:30  Adept  
  62  5:31  Adept  
  62  5:33  Probe (Chrono Boost)  
  62  5:34  Pylon  
  66  5:40  Probe (Chrono Boost)  
  66  5:41  Assimilator  
  67  5:45  Probe (Chrono Boost)  
  67  5:46  Pylon  
  68  5:53  Probe (Chrono Boost)  
  68  5:55  Gateway  
  70  5:57  Probe (Chrono Boost), Stalker x2  
  70  5:58  Gateway  
  74  6:07  Pylon  
  74  6:17  Robotics Bay  
  74  6:24  Probe (Chrono Boost)  
  75  6:34  Nexus, Unknown  
  75  6:35  Pylon  
  75  6:36  Adept x2  
  75  6:37  Adept  
  79  6:50  Probe (Chrono Boost)  
  79  6:51  Probe (Chrono Boost)  
  81  6:55  Photon Cannon  
  81  7:00  Adept x3, Stalker, Disruptor  
  92  7:09  Adept, Resonating Glaives  
  92  7:13  Probe (Chrono Boost)  
  92  7:15  Probe (Chrono Boost)  
  96  7:21  Adept  
  96  7:22  Adept x2  
  102  7:25  Probe (Chrono Boost), Pylon  
  103  7:31  Disruptor  
  103  7:35  Protoss Ground Armor Level 1  
  107  7:37  Probe (Chrono Boost)  
  107  7:40  Stalker  
  109  7:45  Unknown  
  109  7:46  Probe (Chrono Boost), Pylon  
  110  7:56  Adept x3  
  106  8:21  Nexus, Unknown  
  106  8:23  Stalker x2  
  106  8:24  Stalker x2  
  114  8:40  Probe (Chrono Boost)  
  104  8:51  Nexus, Unknown  
  94  8:58  Disruptor  
  94  9:02  Probe (Chrono Boost)  
  95  9:04  Nexus, Dark Shrine, Unknown  
  95  9:06  Pylon  
  98  9:15  Gateway  
  98  9:17  Gateway  
  98  9:19  Gateway  
  96  9:29  Disruptor  
  96  9:38  Stalker x2  
  103  9:44  Stalker  
  99  9:57  Protoss Ground Armor Level 2  
  95  10:00  Disruptor  
  95  10:03  Unknown  
  92  10:07  Stalker x3  
  99  10:15  Probe (Chrono Boost)  
  99  10:16  Unknown  
  99  10:19  Probe (Chrono Boost)  
  99  10:23  Probe (Chrono Boost)  
  99  10:27  Pylon  
  100  10:31  Disruptor  
  95  10:44  Stalker x2  
  95  10:45  Stalker  
  97  11:00  Adept x3  
  97  11:02  Disruptor  
  101  11:05  Probe x2 (Chrono Boost)  
  101  11:06  Probe x2 (Chrono Boost)  
  101  11:09  Zealot  
  101  11:11  Dark Templar  
  112  11:13  Dark Templar  
  115  11:18  Probe (Chrono Boost)  
  115  11:24  Stalker x3  
  120  11:28  Probe (Chrono Boost)  
  120  11:29  Probe (Chrono Boost)  
  120  11:31  Dark Templar  
  119  11:45  Probe x2 (Chrono Boost)  
  119  11:46  Probe x2 (Chrono Boost)  
  123  11:50  Disruptor  
  123  11:54  Dark Templar  
  124  12:07  Adept x5  
  134  12:13  Assimilator  
  134  12:14  Probe (Chrono Boost)  
  134  12:15  Probe x2 (Chrono Boost), Assimilator  
  135  12:16  Probe (Chrono Boost)  
  135  12:21  Disruptor  
  139  12:31  Pylon  
  139  12:33  Stalker x4  
  125  12:52  Disruptor  
  125  12:56  Adept x3  
  125  12:57  Adept x3  
  123  13:21  Probe (Chrono Boost)  
  123  13:23  Stalker x4, Disruptor  
  123  13:24  Stalker  
  133  13:29  Probe (Chrono Boost)  
  133  13:30  Dark Templar  
  139  13:34  Pylon  
  131  13:49  Stalker  
  131  13:50  Stalker x3  
  115  14:12  Stalker x2  
  99  14:24  Adept x4  
  85  14:34  Probe (Chrono Boost)  
  85  14:35  Disruptor  
  86  14:42  Stalker  
  86  14:43  Stalker  
  93  14:51  Stalker  
  95  14:54  Stalker  
  95  15:10  Disruptor  
  95  15:11  Dark Templar  
  95  15:12  Stalker  
  95  15:13  Stalker  
  102  15:26  Pylon  
  102  15:36  Stalker x3  
  102  15:37  Stalker x2  
  102  15:41  Disruptor  
  110  15:48  Adept  
  113  16:03  Stalker x4  
  113  16:04  Stalker  
  120  16:10  Assimilator  
  118  16:13  Assimilator  
  118  16:17  Pylon  
  117  16:19  Dark Templar  
  115  16:28  Dark Templar  
  76  16:56  Nexus, Unknown  
  76  17:00  Disruptor  
  79  17:50  Nexus, Unknown  
  78  18:00  Disruptor  
  78  18:08  Unknown  
  78  18:36  Disruptor  
  79  18:49  Zealot  
  79  18:55  Pylon x2  
  81  18:56  Pylon  
  81  19:00  Stalker x3  
  81  19:02  Unknown  
  87  19:07  Assimilator  
  83  19:19  Adept x2  
  85  19:27  Adept  
  85  19:28  Adept x2  
Show
View Real Time Build Order
Export as new Build Order

llllllllllll Terran 

Build Orders: MMM Bio 

Get SALT Encoding   

  12  0:00  SCV  
  13  0:12  SCV  
  14  0:17  Supply Depot  
  14  0:25  SCV  
  15  0:39  SCV  
  15  0:40  Barracks  
  16  0:44  Refinery  
  16  0:51  SCV  
  17  1:03  SCV  
  18  1:15  SCV  
  19  1:27  Barracks Reactor  
  19  1:28  Orbital Command  
  19  1:39  Command Center, Unknown  
  19  1:50  Supply Depot  
  19  1:53  SCV  
  20  1:58  Barracks  
  20  2:03  Marine x2  
  20  2:06  SCV  
  23  2:18  SCV  
  23  2:19  Barracks  
  23  2:22  Marine x2  
  26  2:30  SCV  
  27  2:40  Marine x2  
  27  2:42  SCV  
  30  2:45  Barracks Tech Lab  
  30  2:46  Refinery  
  30  2:50  Unknown  
  30  2:52  Orbital Command  
  30  2:54  SCV  
  30  2:58  Marine x2  
  33  3:05  Stimpack, Marine  
  34  3:07  SCV  
  34  3:11  Barracks Reactor  
  35  3:15  Marine  
  35  3:16  Marine  
  35  3:18  Engineering Bay  
  35  3:19  SCV  
  38  3:21  SCV  
  38  3:25  Marine  
  40  3:31  Factory  
  40  3:34  SCV  
  41  3:35  SCV  
  41  3:38  Supply Depot  
  41  3:39  Marine  
  41  3:40  Marine  
  44  3:46  Terran Infantry Weapons Level 1  
  44  3:49  SCV  
  44  3:50  SCV  
  46  3:57  Supply Depot  
  46  4:00  Marine  
  46  4:01  SCV  
  46  4:02  SCV, Marine x2  
  50  4:05  Marine  
  49  4:14  SCV  
  49  4:15  Supply Depot  
  49  4:16  Starport  
  50  4:18  Factory Reactor  
  50  4:19  SCV  
  51  4:25  Marine  
  51  4:26  SCV  
  51  4:27  Marine x2  
  54  4:35  Marine  
  54  4:38  SCV  
  51  4:40  SCV  
  51  4:42  Marine  
  51  4:44  Marine  
  51  4:45  Marine, Orbital Command  
  53  4:50  Barracks  
  53  4:51  Barracks  
  53  4:52  Refinery  
  53  4:54  SCV  
  53  4:59  Marine  
  54  5:03  Medivac x2  
  59  5:08  Combat Shields  
  59  5:12  SCV x2  
  61  5:15  Factory Reactor  
  61  5:17  Marine  
  61  5:18  Marine  
  61  5:20  Marine  
  64  5:25  SCV  
  64  5:26  Supply Depot  
  64  5:27  SCV  
  66  5:32  Marauder, Marine  
  69  5:37  SCV  
  69  5:41  Barracks Tech Lab x2  
  70  5:43  Missile Turret  
  70  5:46  Missile Turret  
  70  5:47  SCV, Refinery  
  70  5:49  SCV  
  72  5:50  Terran Infantry Armor Level 1  
  72  5:53  Supply Depot  
  72  5:55  Medivac  
  74  5:59  Widow Mine x2  
  74  6:02  Concussive Shells  
  78  6:06  Supply Depot  
  78  6:09  Supply Depot  
  78  6:14  SCV x2, Marine  
  78  6:15  Marine  
  78  6:16  Marauder, Marine x2  
  85  6:21  Medivac  
  85  6:25  Medivac  
  89  6:30  Marauder x2  
  89  6:32  SCV  
  94  6:33  SCV  
  94  6:39  Marine  
  98  6:44  SCV  
  98  6:45  SCV  
  98  6:47  Widow Mine  
  98  6:48  Widow Mine  
  98  6:51  Marine x2  
  106  6:58  Supply Depot x2  
  102  7:04  Command Center, Unknown  
  102  7:06  SCV x2  
  104  7:14  Armory  
  104  7:16  Engineering Bay  
  104  7:18  SCV x2  
  104  7:19  Marine  
  104  7:22  Marine x2  
  109  7:25  Marine x2  
  110  7:30  SCV x2  
  110  7:31  Marine  
  110  7:37  Marine  
  114  7:40  Marine x2  
  114  7:41  Medivac  
  121  7:44  Widow Mine x2  
  121  7:49  Supply Depot  
  124  7:57  Marine x2  
  124  7:58  SCV  
  123  8:01  Marine  
  123  8:02  Marauder  
  125  8:06  Marine  
  125  8:10  Marine  
  125  8:11  SCV  
  130  8:14  Supply Depot, Marine  
  130  8:16  Unknown  
  130  8:18  Terran Infantry Armor Level 2  
  130  8:19  Terran Infantry Weapons Level 2  
  120  8:22  Marine  
  120  8:23  Marauder  
  120  8:25  Marine x2  
  125  8:31  Marine  
  125  8:35  Marine  
  125  8:36  Widow Mine x2  
  128  8:41  Marine  
  128  8:45  Marauder  
  117  8:49  Marauder, Marine x2  
  117  8:50  Medivac x2  
  117  8:56  Marine  
  117  8:57  Marauder  
  117  8:59  Marine, Orbital Command  
  115  9:06  Marauder  
  115  9:07  Marine, Widow Mine x2  
  121  9:11  Liberator x2  
  121  9:17  Fusion Core, Starport  
  121  9:18  Barracks  
  121  9:19  Barracks  
  121  9:20  Barracks  
  121  9:25  Terran Ship Weapons Level 1  
  126  9:34  Missile Turret, Refinery x2  
  117  9:50  Marine  
  117  9:51  Marauder  
  113  9:53  Marauder, Marine  
  113  9:54  Marine x2  
  113  9:56  Marine  
  113  9:59  Liberator x2  
  117  10:02  Starport Tech Lab  
  117  10:05  Marine, Widow Mine x2  
  102  10:07  Marine  
  102  10:08  Marine  
  102  10:09  Marine  
  102  10:10  Marine  
  102  10:11  Marine  
  102  10:12  Marauder, Marine  
  110  10:15  Marauder x2  
  120  10:24  Liberator  
  120  10:26  Marine  
  120  10:27  Advanced Ballistics, Marine  
  124  10:28  Marine  
  124  10:29  Marine x2  
  124  10:31  Marine  
  124  10:32  Marine  
  124  10:33  Marauder  
  110  10:36  Marauder x2  
  113  10:43  Marine  
  113  10:44  Marine  
  113  10:46  Marine  
  113  10:47  Marine x2  
  113  10:48  Liberator x2  
  117  10:55  Marauder, Marine  
  118  11:03  Marine x2  
  123  11:05  Marine  
  123  11:11  Terran Infantry Weapons Level 3  
  130  11:12  Marine  
  130  11:14  Marine, Widow Mine  
  130  11:15  Widow Mine  
  130  11:17  Marine x2  
  130  11:18  Marauder x2, Marine  
  139  11:24  Marine  
  140  11:25  Medivac  
  140  11:27  Marine x2  
  140  11:30  Marine  
  145  11:37  Supply Depot  
  145  11:38  Marine  
  146  11:43  Marine  
  146  11:44  Marauder x2, Marine x2  
  148  11:48  Medivac, Marine x2  
  148  11:50  Terran Infantry Armor Level 3  
  148  11:52  Marine  
  148  11:53  Marauder  
  153  11:59  Marine  
  145  12:03  Missile Turret  
  145  12:05  Marauder, Marine  
  127  12:13  Marine  
  127  12:14  Marauder, Marine  
  130  12:19  Marine x2  
  130  12:21  Marine  
  130  12:26  Marine  
  130  12:27  Marauder  
  133  12:32  Marine  
  133  12:33  Marine  
  133  12:35  Marauder, Marine  
  114  12:49  Marine x2  
  114  12:50  Marauder, Marine  
  90  12:52  Marine x2  
  90  12:54  Marine  
  90  12:55  Marine  
  90  12:56  Marauder  
  96  12:59  Marine  
  97  13:07  Marine x3  
  97  13:09  Orbital Command  
  97  13:10  Marine x2  
  97  13:11  Marauder  
  97  13:12  Marine  
  101  13:18  Marine  
  101  13:19  Marauder  
  105  13:21  Marine  
  105  13:25  Marine  
  107  13:27  Marine  
  107  13:28  Marine  
  108  13:44  Marine x2  
  108  13:45  Marauder  
  108  13:47  Medivac  
  112  13:55  Marauder, Marine  
  98  14:03  Marine  
  98  14:06  Marauder  
  97  14:12  Marine x2  
  97  14:17  Marauder  
  82  14:23  Marine x2  
  77  14:32  Marine  
  77  14:33  Marine x2  
  77  14:34  Marine  
  83  14:40  Marine  
  85  14:46  Marine  
  85  14:47  Marine  
  85  14:49  Medivac x2  
  88  14:53  Marine  
  88  14:57  Marine  
  90  15:01  Missile Turret  
  90  15:02  Orbital Command  
  90  15:06  Marine  
  86  15:08  Marine  
  86  15:14  Missile Turret  
  89  15:15  Marine  
  89  15:20  Marine  
  92  15:25  Medivac  
  92  15:29  Barracks Tech Lab x3  
  92  15:30  Barracks Tech Lab  
  92  15:31  Marauder  
  92  15:34  Marine  
  92  15:35  Marine  
  95  15:37  Marine  
  95  15:40  Medivac  
  96  15:48  Marauder, Marine  
  98  15:56  Marine x2  
  101  15:57  Marauder, Medivac  
  98  16:09  Marine x2  
  98  16:10  Marauder  
  99  16:11  Marine  
  99  16:12  Marauder  
  79  16:38  Marine  
  79  16:39  Marauder  
  66  16:48  Liberator  
  60  17:12  Marine  
  60  17:15  Marine  
  61  17:17  Marine  
  63  17:23  Marine  
  64  17:31  Marine  
  64  17:32  Marine  
  65  17:38  Marine  
  66  17:48  Marine  
  67  17:51  Marine  
  65  18:01  Marine  
  65  18:12  Marine  
  45  18:13  Marauder  
  45  18:19  Marine  
  49  18:22  Marine  
  49  18:31  Marine  
  48  18:42  Marine  
  48  18:43  Marine x2  
  51  18:51  Marine  
  52  19:02  Marine  
  53  19:04  Marine  
Tags
 
Add a new tag
Caveats
  • Supply blocks, unpowered buildings, or Contaminate may cause inaccurate times.
  • Supply counts are checked every 10 seconds.